 Dungeon Crawl Stone Soup version 0.32-a0-995-gb4a59205af (webtiles) character file.

Game seed: 12807365536724589513

242819 bananaken the Deadly Accurate (level 20, -2/218 HPs)
             Began as an Oni Gladiator on Apr 22, 2024.
             Was a High Priest of Okawaru.
             Constricted to death by a nagaraja (7 damage)
             ... on level 4 of the Snake Pit.
             The game lasted 01:47:30 (37420 turns).

bananaken the Deadly Accurate (Oni Gladiator)      Turns: 37420, Time: 01:47:31

Health: -2/218     AC: 10    Str: 26    XL:     20   Next: 22%
Magic:  31/31      EV:  1    Int:  9    God:    Okawaru [*****.]
Gold:   186        SH: 20    Dex: 10    Spells: 14/19 levels left

rFire   + . .        U - +9 eveningstar (vamp)
rCold   + . .        L - +0 tower shield
rNeg    + . .        B - +0 troll leather armour
rPois   +            X - +1 hat of Going Fast {rPois Regen+ rCorr Str-3}
rElec   .            z - +2 cloak {Stlth+}
rCorr   +            (gloves unavailable)
SInv    .            (boots unavailable)
Will    ++...        f - amulet "Ipif" {Acrobat rC+ rN+}
Stlth   +++          Z - ring of protection from fire
HPRegen 2.16/turn    n - +8 ring of slaying
MPRegen 0.22/turn

%: acrobat
@: lethally poisoned (-2 -> -7), heroic, slowed, constricted, studying
Evocations, very slow
A: large, unfitting armour, horns 1, tough skin 1, double potion healing,
drunken brawling
a: Renounce Religion, Heroism, Finesse, Duel


You were on level 4 of the Snake Pit.
You worshipped Okawaru.
Okawaru was extremely pleased with you.
You visited 8 branches of the dungeon, and saw 34 of its levels.
You visited 1 bazaar.
You also visited: Sewer, Ice Cave and Volcano.

You collected 3919 gold pieces.
You spent 3733 gold pieces at shops.

Inventory:

Hand Weapons
 U - a +9 vampiric eveningstar (weapon)
Missiles
 q - 12 javelins
 G - 14 throwing nets
 M - 14 silver javelins
 N - 28 large rocks (quivered)
Armour
 z - a +2 cloak of stealth (worn)
 B - a +0 troll leather armour (worn)
 L - a +0 tower shield (worn)
 X - the +1 hat of Going Fast (worn) {rPois Regen+ rCorr Str-3}
   (Okawaru gifted it to you on level 12 of the Dungeon)

   Str-3:     It affects your strength (-3).
   rPois:     It protects you from poison.
   Regen+:    It increases your rate of health regeneration.
   rCorr:     It protects you from acid and corrosion.
Jewellery
 b - a ring of ice
 c - a ring of flight
 f - the amulet "Ipif" (around neck) {Acrobat rC+ rN+}
   (You acquired it on level 2 of the Lair of Beasts)

   [amulet of the acrobat]

   Acrobat:   It increases your evasion while moving and waiting.
   rC+:       It protects you from cold.
   rN+:       It protects you from negative energy.
 m - a ring of see invisible
 n - a +8 ring of slaying (right hand)
 I - a +5 ring of evasion
 O - a ring of positive energy
 S - a +4 ring of slaying
 Z - a ring of protection from fire (left hand)
Wands
 p - a wand of acid (2)
 w - a wand of flame (30)
 x - a wand of mindburst (3)
 D - a wand of roots (5)
 Q - a wand of digging (10)
 T - a wand of polymorph (4)
Scrolls
 a - 8 scrolls of teleportation
 e - 4 scrolls of enchant armour
 i - a scroll of revelation
 s - 3 scrolls of fear
 v - a scroll of brand weapon
 y - 4 scrolls of vulnerability
 C - 2 scrolls of poison
 F - a scroll of amnesia
 J - 2 scrolls of torment
 K - 5 scrolls of immolation
 R - 2 scrolls of fog
Potions
 d - 2 potions of lignification
 g - 7 potions of brilliance
 h - 4 potions of mutation
 j - 5 potions of haste
 k - 2 potions of magic
 l - 3 potions of attraction
 r - 3 potions of resistance
 t - 2 potions of berserk rage
 u - 2 potions of cancellation
 E - 5 potions of might
 H - 5 potions of ambrosia
 V - a potion of curing
 Y - 7 potions of enlightenment
Miscellaneous
 o - a phial of floods


   Skills:
 + Level 17.3(22.3) Fighting
 - Level 16.0(21.0) Maces & Flails
 + Level 17.5(22.5) Throwing
 - Level 6.8(11.8) Armour
 - Level 6.0(11.0) Dodging
 - Level 15.0(20.0) Shields
 - Level 7.0 Translocations
 - Level 15.2 Invocations
 - Level 6.3 Evocations
 - Level 1.1 Shapeshifting


You had 14 spell levels left.
You knew the following spells:

 Your Spells              Type           Power      Damage    Failure   Level
a - Apportation           Tloc           24%        N/A       4%          1
b - Lesser Beckoning      Tloc           24%        N/A       6%          2
c - Blink                 Tloc           24%        N/A       6%          2

Your spell library contained the following spells:

 Spells                   Type           Power      Damage    Failure   Level
 Momentum Strike          Conj/Tloc      12%        3d8       26%         2
 Magic Dart               Conj           0%         1d3       58%         1
 Necrotise                Necr           0%         1d4       58%         1
 Sting                    Conj/Alch      0%         1d3       58%         1
 Jinxbite                 Hex            0%         N/A       73%         2
 Mercury Vapours          Alch/Air       0%         N/A       73%         2
 Static Discharge         Conj/Air       0%         3-3/arc   73%         2
 Sublimation of Blood     Necr           0%         N/A       73%         2
 Dimensional Bullseye     Hex/Tloc       3%         N/A       86%         4
 Iskenderun's Mystic Bla Conj/Tloc 6%             2d4        (+2d1     86%         4
 Vampiric Draining        Necr           0%         2d6       91%         3
 Airstrike                Air            0%         2d(0-16)  100%        4
 Brom's Barrelling Bould  Conj/Erth      0%         2d3       100%        4
 Cause Fear               Hex            0%         N/A       100%        4
 Leda's Liquefaction      Alch/Erth      0%         N/A       100%        4
 Olgreb's Toxic Radiance  Alch           0%         N/A       100%        4
 Alistair's Intoxication  Alch           0%         N/A       100%        5
 Curse of Agony           Necr           0%         N/A       100%        5
 Fireball                 Conj/Fire      0%         3d3       100%        5
 Iskenderun's Battlesphe  Conj           0%         2d6       100%        5
 Lee's Rapid Deconstruct  Erth           0%         3d4*      100%        5
 Bombard                  Conj/Erth      0%         9d1       100%        6
 Conjure Ball Lightning   Conj/Air       0%         3x3d6     100%        6
 Permafrost Eruption      Ice/Erth       0%         2x4d1     100%        6
 Orb of Destruction       Conj           0%         9d5       100%        7
 Rimeblight               Ice/Necr       0%         2d3       (prima100%   7
 Call Imp                 Summ           Unusable   N/A       N/A         2
 Tukima's Dance           Hex            Unusable   N/A       N/A         3
 Martyr's Knell           Necr/Summ      Unusable   N/A       N/A         4
 Summon Lightning Spire   Summ/Air       Unusable   N/A       N/A         4
 Spellforged Servitor     Conj/Summ      Unusable   N/A       N/A         7
 Dragon's Call            Summ           Unusable   N/A       N/A         9

Dungeon Overview and Level Annotations

Branches:
Dungeon (15/15)            Temple (1/1) D:5            Lair (5/5) D:9
 Shoals (3/4) Lair:2        Snake (4/4) Lair:3        Slime (0/5) Lair:5
    Orc (2/2) D:10            Elf (3/3) Orc:2        Vaults (0/5) D:14
 Depths (1/4) D:15          Sewer (visited)           IceCv (visited)
Volcano (visited)

Altars:
Ashenzari
Cheibriados
Dithmenos
Elyvilon
Fedhas
Gozag
Hepliaklqana
Kikubaaqudgha
Makhleb
Nemelex Xobeh
Okawaru
Qazlal
Ru
Sif Muna
Trog
Uskayaw
Vehumet
Wu Jian
Xom
Yredelemnul
Zin
The Shining One
Beogh
Jiyva

Shops:
D:11 *   D:13 :*   Orc:2 (*[=   Shoals:3 =   Snake:1 :=:

Portals:
Hell: Depths:1
Abyss: Depths:1
Pandemonium: Depths:1
Ziggurat: Depths:1
Trove: Elf:1 (give 8 potions of haste)

Annotations:
D:15 3 runed translucent doors, Valrug's ghost, adept TrFi
Elf:2 3 runed translucent doors, Norris


Innate Abilities, Weirdness & Mutations

You are too large for most types of armour.
You have a pair of small horns on your head.
You have tough skin. (AC +1)
You gain doubled healing and magic from potions.
Whenever you drink a healing potion, you attack all around you.


Message History

You hit the nagaraja. Your headbutt misses the nagaraja.
The nagaraja is heavily wounded.
You savour every drop.
You feel much better.
You feel very sick.
You block the guardian serpent's attack.
You block the sea snake's attack. The naga hits you but does no damage.
You block the guardian serpent's attack.
You block the nagaraja's attack. The nagaraja constricts you!
* * * LOW HITPOINT WARNING * * *
The sea snake bites you!
* * * LOW HITPOINT WARNING * * *
You resist. The naga hits you with a +0 trident!!
* * * LOW HITPOINT WARNING * * *
Unknown command.
Unknown command.
You take a swig of the potion and twirl your +9 vampiric eveningstar.
You impale the nagaraja!! Your headbutt misses the nagaraja.
The nagaraja is severely wounded.
You crush the sea snake like a grape!!!
You kill the sea snake!
Okawaru accepts your kill.
You perforate the guardian serpent like a sieve!!!
You kill the guardian serpent!
Okawaru accepts your kill.
You puncture the naga!
You feel better.
You kill the naga!
Okawaru accepts your kill.
You savour every drop.
You feel better.
The naga mage looks rattled.
The nagaraja hits you with a +0 halberd!
* * * LOW HITPOINT WARNING * * *
The nagaraja constricts you!
* * * LOW HITPOINT WARNING * * *
The nagaraja gestures at you while chanting.
The bolt of poison hits you.
You are poisoned.
You resist.
* * * LOW HITPOINT WARNING * * *
The nagaraja constricts you!
You die...

#...................
###.................
#.................
##.................
##.....)<...........
#...................
#####...))..........
##..)##..............
##..)@N####...........
#..###))..##..........
#..# ##....##.........
#~.N# ###...##........
#~~S~ ##.N.##........
[~~~.~~ #.#.#.#........
......~~≈ ##...##.#####..
#.N~≈~N..~≈ #.#.####...##.
#.~≈≈≈N~.~≈##....##.###.##


You could see a nagaraja and a naga mage (fleeing).

Vanquished Creatures
  Mara (Snake:4)
  A tentacled monstrosity (Depths:1)
  A lich (Depths:1)
  2 deep elf blademasters (Elf:3)
  A kraken (Shoals:3)
  2 deep elf master archers (Elf:3)
  The ghost of rbyellow5 the Black Belt, an adept OpFi of Ashenzari (Snake:4)
  Aizul (Snake:4)
  Ilsuiw (Shoals:2)
  3 nagarajas (Snake:4)
  5 deep elf sorcerers
  An iron dragon (Depths:1)
  2 orc warlords (Orc:2)
  4 deep elf elementalists (Elf:3)
  2 very ugly things (Depths:1)
  6 deep elf demonologists (Elf:3)
  2 deep elf death magi (Elf:3)
  A bunyip (Snake:3)
  3 dire elephants (Lair:5)
  2 spark wasps (Depths:1)
  An ettin (D:15)
  3 merfolk impalers
  A fire dragon (Depths:1)
  3 merfolk javelineers
  3 deep elf high priests
  An entropy weaver (shapeshifter) (Depths:1)
  8 vault guards (D:14)
  2 ice dragons
  7 hydras
  5 merfolk avatars
  6 centaur warriors
  An ogre mage (D:15)
  A boulder beetle (D:15)
  5 anacondas
  21 dancing weapons
  5 tengu warriors
  7 two-headed ogres
  14 death yaks
  2 merfolk aquamancers
  An anaconda (shapeshifter) (Elf:1)
  3 orc high priests
  12 naga warriors
  6 shock serpents
  6 naga sharpshooters
  3 hell knights (Depths:1)
  3 salamander mystics
  A skeletal warrior (D:10)
  6 skysharks
  A spectral death yak (Lair:5)
  A soul eater (Depths:1)
  17 deep elf knights
  Sonja (Lair:1)
  9 sea snakes
  A flayed ghost (Depths:1)
  A skyshark (shapeshifter) (D:15)
  A spectral anaconda (Lair:5)
  21 deep elf archers
  A sun moth (shapeshifter) (D:15)
  A bog body (IceCv)
  6 mana vipers
  A mana viper (shapeshifter) (D:15)
  A deep troll (D:15)
  2 naga ritualists (Snake:4)
  A glowing orange brain (D:15)
  An obsidian statue (Lair:5)
  2 thermic dynamos
  6 orc knights
  29 deep elf pyromancers
  8 harpies
  7 necromancers
  27 deep elf zephyrmancers
  6 cyclopes
  4 orc sorcerers
  16 salamanders
  5 fauns
  14 ugly things
  11 manticores
  2 ice statues (IceCv)
  3 kobold blastminers (Orc:2)
  2 water nymphs (Shoals:3)
  8 merfolk sirens
  30 black mambas
  A dire elephant zombie (Lair:5)
  7 meliai
  20 elephants
  8 guardian serpents
  A torpor snail (Lair:1)
  10 naga magi
  Maggie (D:9)
  13 cane toads
  2 unseen horrors
  5 kobold demonologists
  A tengu conjurer (D:15)
  2 rime drakes
  A freezing wraith (IceCv)
  A hellion (Depths:1)
  8 komodo dragons
  3 anaconda simulacra (IceCv)
  6 ice devils (IceCv)
  Psyche (D:8)
  A polar bear (Lair:1)
  10 trolls
  A wind drake (Shoals:1)
  2 hornets
  18 merfolk
  3 snapping turtles
  A spectral elephant (Lair:5)
  3 dream sheep (Shoals:3)
  24 blink frogs
  2 glass eyes (Depths:1)
  A dream sheep (shapeshifter) (D:13)
  4 air elementals
  8 slime creatures
  2 vampires
  A shadow (D:11)
  3 dire elephant simulacra (IceCv)
  12 water elementals
  52 yaks
  6 wyverns
  A ynoxinul (Depths:1)
  8 fire elementals
  Eustachio (D:4)
  2 wraiths
  3 steam dragons
  A warg (Orc:2)
  A death yak simulacrum (Lair:5)
  5 basilisks
  3 vampire mosquitoes (D:11)
  4 spectral cane toads (Lair:5)
  A harpy simulacrum (IceCv)
  13 water moccasins
  An acid dragon (D:10)
  37 nagas
  5 hell hounds
  3 hydra simulacra (IceCv)
  32 orc warriors
  3 ice beasts
  2 black bears
  12 wolves
  2 laughing skulls (D:14)
  A boggart (D:10)
  2 elephant zombies (Lair:5)
  4 centaurs
  3 ogres
  3 phantoms
  7 kobold brigands
  2 brain worms (Sewer)
  8 bullfrogs
  5 earth elementals (Elf:3)
  3 gnoll sergeants
  A scorpion (D:7)
  14 wights
  2 elephant simulacra (Lair:5)
  6 killer bees
  7 electric eels
  10 howler monkeys
  A bombardier beetle (D:5)
  2 jellies (D:7)
  Crazy Yiuf (D:6)
  2 gnoll boudas
  14 orc priests
  4 hounds
  19 orc wizards
  2 troll simulacra (IceCv)
  2 wolf simulacra (IceCv)
  2 human simulacra (D:8)
  24 gnolls
  9 adders
  7 river rats
  2 white imps
  4 ufetubi
  A dart slug (D:2)
  2 ribbon worms
  75 orcs
  7 ball pythons
  10 bats
  8 endoplasms
  8 giant cockroaches
  4 hobgoblins
  8 jackals (D:1)
  12 kobolds
  3 quokkas
  6 frilled lizards
  5 goblins
  14 rats
  5 tentacles (Shoals:3)
1152 creatures vanquished.

Vanquished Creatures (others)
  A deep elf knight (Elf:3)
  A deep elf zephyrmancer (Elf:2)
  An orc wizard (Orc:1)
  2 orcs (Orc:2)
  20 spectral weapons
  21 tentacles (Shoals:3)
46 creatures vanquished.

Grand Total: 1198 creatures vanquished

Notes
Turn   | Place    | Note
-------+----------+-------------------------------------------
     0 | D:1      | bananaken the Oni Gladiator began the quest for the Orb.
     0 | D:1      | Reached XP level 1. HP: 22/22 MP: 1/1
    51 | D:1      | Reached XP level 2. HP: 29/29 MP: 2/2
   342 | D:1      | Reached XP level 3. HP: 37/37 MP: 3/3
  1211 | D:2      | Reached XP level 4. HP: 44/45 MP: 4/4
  2004 | D:3      | Reached XP level 5. HP: 17/54 MP: 5/5
  2011 | D:3      | HP: 1/54 [orc/+0 short sword (3)]
  2067 | D:3      | Found a glowing drain.
  2226 | Sewer    | Entered a sewer
  2347 | Sewer    | Reached skill level 5 in Maces & Flails
  2347 | Sewer    | Reached XP level 6. HP: 26/63 MP: 4/6
  3124 | D:3      | Reached skill level 5 in Fighting
  3446 | D:4      | Identified a scroll of acquirement
  3446 | D:4      | Acquired the +8 dire flail "Odul" {flame, rElec Int-2
                  | Stlth+}
  3508 | D:4      | Noticed Eustachio
  3510 | D:4      | Killed Eustachio
  3511 | D:4      | Reached XP level 7. HP: 68/72 MP: 7/7
  3557 | D:4      | Identified the +4 ring mail "Vujamea" {-Cast rPois rC++
                  | Slay+5}
  3568 | D:4      | Found an opulent altar of Gozag.
  3811 | D:4      | Found a snail-covered altar of Cheibriados.
  4117 | D:5      | Entered Level 5 of the Dungeon
  4203 | D:5      | Found a staircase to the Ecumenical Temple.
  4267 | Temple   | Entered the Ecumenical Temple
  4273 | Temple   | Became a worshipper of Warmaster Okawaru
  4446 | D:5      | Found a transporter.
  4590 | D:5      | Found a transporter.
  4769 | D:5      | Reached XP level 8. HP: 76/84 MP: 8/8
  4894 | D:5      | Reached * piety under Okawaru
  5206 | D:6      | Found an ornate altar of the Wu Jian Council.
  5227 | D:6      | Reached skill level 1 in Invocations
  5342 | D:6      | Reached ** piety under Okawaru
  5388 | D:6      | Identified the +1 chain mail of the Forest {rC+ rN+ Int-3}
  5442 | D:6      | Reached XP level 9. HP: 91/96 MP: 11/11
  5595 | D:6      | Found a runed translucent door.
  5596 | D:6      | Noticed Crazy Yiuf
  6145 | D:6      | Killed Crazy Yiuf
  6497 | D:7      | Noticed a hornet
  6514 | D:7      | Killed a hornet
  6526 | D:7      | Reached *** piety under Okawaru
  6537 | D:7      | Found a runed translucent door.
  6639 | D:7      | Reached skill level 10 in Maces & Flails
  6996 | D:7      | Noticed an unseen horror
  7004 | D:7      | Killed an unseen horror
  7005 | D:7      | Reached skill level 5 in Invocations
  7219 | D:7      | Reached XP level 10. HP: 93/109 MP: 14/14
  7406 | D:7      | Found a roughly hewn altar of Beogh.
  7471 | D:8      | Reached skill level 10 in Fighting
  7657 | D:7      | Reached **** piety under Okawaru
  7991 | D:8      | Noticed Psyche
  7999 | D:8      | Killed Psyche
  8028 | D:8      | Noticed a two-headed ogre
  9131 | D:9      | Noticed a two-headed ogre
  9140 | D:9      | Killed a two-headed ogre
  9140 | D:9      | Reached ***** piety under Okawaru
  9360 | D:9      | Received a gift from Okawaru
  9363 | D:9      | Reached skill level 1 in Shields
  9424 | D:9      | Noticed a kobold demonologist
  9438 | D:9      | Killed a kobold demonologist
  9464 | D:9      | Noticed a kobold demonologist
  9472 | D:9      | Killed a kobold demonologist
  9473 | D:9      | Reached XP level 11. HP: 99/120 MP: 16/16
  9537 | D:9      | Found a staircase to the Lair.
  9733 | D:9      | Noticed Maggie
  9739 | D:9      | Killed Maggie
 10304 | D:10     | Entered Level 10 of the Dungeon
 10376 | D:10     | Received a gift from Okawaru
 10858 | D:10     | Noticed a red ugly thing
 10867 | D:10     | Killed a red ugly thing
 11407 | D:10     | Noticed a two-headed ogre
 11414 | D:10     | Killed a two-headed ogre
 11590 | D:10     | Noticed a five-headed hydra
 11594 | D:10     | Killed a five-headed hydra
 11736 | D:10     | Received a gift from Okawaru
 11754 | D:10     | Identified the staff of the Pyrrhic Victory {rPois rN++
                  | Int-5 Hexes Earth}
 11779 | D:10     | Reached XP level 12. HP: 133/133 MP: 18/18
 11816 | D:10     | Reached ****** piety under Okawaru
 11817 | D:10     | Reached skill level 5 in Throwing
 11817 | D:10     | Acquired a +3 eveningstar of protection
 11817 | D:10     | Received a gift from Okawaru
 12064 | D:10     | Found a staircase to the Orcish Mines.
 12461 | D:11     | Found Giraefua's General Store.
 12463 | D:11     | Noticed a two-headed ogre
 12467 | D:11     | Killed a two-headed ogre
 12467 | D:11     | Received a gift from Okawaru
 12477 | D:11     | Bought a scroll of brand weapon for 114 gold pieces
 12477 | D:11     | Bought a potion of curing for 36 gold pieces
 12477 | D:11     | Bought a potion of heal wounds for 60 gold pieces
 13167 | D:12     | Noticed a sun demon
 13168 | D:12     | Acquired the +1 hat of Going Fast {rPois Regen+ rCorr
                  | Str-3}
 13168 | D:12     | Received a gift from Okawaru
 13234 | D:12     | Reached skill level 10 in Invocations
 13376 | D:12     | Received a gift from Okawaru
 13805 | Lair:1   | Entered Level 1 of the Lair of Beasts
 13865 | Lair:1   | Noticed Sonja
 13878 | Lair:1   | Killed Sonja
 13992 | Lair:1   | Received a gift from Okawaru
 14217 | Lair:1   | Reached XP level 13. HP: 136/144 MP: 20/20
 14795 | Lair:2   | Reached skill level 15 in Maces & Flails
 14853 | Lair:1   | Reached skill level 5 in Shields
 15072 | Lair:2   | Found a staircase to the Shoals.
 15697 | Lair:3   | Found a radiant altar of Vehumet.
 15964 | Lair:3   | Received a gift from Okawaru
 16237 | Lair:3   | Found a staircase to the Snake Pit.
 16500 | Lair:4   | Reached skill level 1 in Shapeshifting
 16500 | Lair:4   | Reached XP level 14. HP: 150/156 MP: 23/23
 16540 | Lair:4   | Reached skill level 1 in Evocations
 16662 | Lair:4   | Received a gift from Okawaru
 17152 | Lair:4   | Found an iron altar of Okawaru.
 17360 | Lair:5   | Entered Level 5 of the Lair of Beasts
 17377 | Lair:5   | Found a frozen archway.
 17395 | IceCv    | Entered an ice cave
 17679 | IceCv    | Learned a level 1 spell: Apportation
 17686 | IceCv    | Received a gift from Okawaru
 17995 | Lair:5   | Received a gift from Okawaru
 18436 | Lair:5   | Found a viscous altar of Jiyva.
 18436 | Lair:5   | Found a staircase to the Slime Pits.
 18727 | Lair:5   | Noticed a dire elephant
 18728 | Lair:5   | Noticed a dire elephant
 18728 | Lair:5   | Noticed a dire elephant
 18869 | Lair:5   | Reached XP level 15. HP: 163/163 MP: 17/25
 18887 | Lair:5   | Received a gift from Okawaru
 18900 | Lair:5   | Identified the +2 hand axe "Uwirov" {drain, MP+9 Int+3}
 19048 | Lair:5   | Reached skill level 5 in Evocations
 19145 | Lair:5   | Found the +6 Majin-Bo {spellvamp, MP+6 Int+6}
 19631 | Orc:1    | Entered Level 1 of the Orcish Mines
 19631 | Orc:1    | Found a roughly hewn altar of Beogh.
 19714 | Orc:1    | Found a dark tunnel.
 19729 | Volcano  | Entered a volcano
 20239 | Orc:1    | You fall into a shaft and drop 1 floor!
 20239 | Orc:2    | Entered Level 2 of the Orcish Mines
 20334 | Orc:2    | Received a gift from Okawaru
 20339 | Orc:2    | Noticed an orc warlord
 20350 | Orc:2    | Killed an orc warlord
 20354 | Orc:2    | Noticed an orc warlord
 20382 | Orc:2    | Killed an orc warlord
 20383 | Orc:2    | Reached skill level 15 in Invocations
 20487 | Orc:2    | Found Tiykloul's Antique Armour Boutique.
 20562 | Orc:2    | Found Tisitui's General Store.
 20570 | Orc:2    | Bought a potion of haste for 130 gold pieces
 20570 | Orc:2    | Bought a scroll of blinking for 97 gold pieces
 20570 | Orc:2    | Bought a scroll of revelation for 97 gold pieces
 20570 | Orc:2    | Bought a potion of heal wounds for 65 gold pieces
 20592 | Orc:2    | Found Foxkuraegg's Antique Weapon Emporium.
 20611 | Orc:2    | Found Qesewuv's Jewellery Shop.
 20786 | Orc:2    | Found a staircase to the Elven Halls.
 21172 | D:13     | Found a flickering gateway to a bazaar.
 21191 | Bazaar   | Entered a bazaar
 21210 | Bazaar   | Found Zogrud's Distillery.
 21230 | Bazaar   | Found Loumnu's Magic Scroll Shop.
 21251 | Bazaar   | Found Uxufuiw's Distillery.
 21272 | Bazaar   | Found Icukh's Magic Scroll Shop.
 21276 | Bazaar   | Bought a scroll of teleportation for 30 gold pieces
 21276 | Bazaar   | Bought a scroll of fear for 40 gold pieces
 21276 | Bazaar   | Bought a scroll of teleportation for 30 gold pieces
 21276 | Bazaar   | Bought a scroll of fear for 40 gold pieces
 21276 | Bazaar   | Bought a scroll of teleportation for 30 gold pieces
 21321 | Bazaar   | Bought a potion of curing for 36 gold pieces
 21321 | Bazaar   | Bought a potion of might for 48 gold pieces
 21321 | Bazaar   | Bought a potion of curing for 36 gold pieces
 21321 | Bazaar   | Bought a potion of lignification for 36 gold pieces
 21321 | Bazaar   | Bought a potion of might for 48 gold pieces
 21321 | Bazaar   | Bought a potion of resistance for 120 gold pieces
 21321 | Bazaar   | Bought a potion of ambrosia for 96 gold pieces
 21321 | Bazaar   | Bought a potion of curing for 36 gold pieces
 21321 | Bazaar   | Bought a potion of haste for 120 gold pieces
 21321 | Bazaar   | Bought a potion of attraction for 36 gold pieces
 21347 | Bazaar   | Bought a potion of heal wounds for 55 gold pieces
 21347 | Bazaar   | Bought a potion of mutation for 88 gold pieces
 21347 | Bazaar   | Bought a potion of lignification for 33 gold pieces
 21347 | Bazaar   | Bought a potion of ambrosia for 88 gold pieces
 21347 | Bazaar   | Bought a potion of curing for 33 gold pieces
 21347 | Bazaar   | Bought a potion of attraction for 33 gold pieces
 21347 | Bazaar   | Bought 2 potions of curing for 66 gold pieces
 21347 | Bazaar   | Bought a potion of curing for 33 gold pieces
 21550 | D:13     | Reached skill level 10 in Shields
 21811 | D:13     | Found Jixac's Assorted Antiques.
 21819 | D:13     | Bought a potion of lignification for 66 gold pieces
 21919 | D:13     | Reached skill level 1 in Armour
 21948 | D:13     | Found Xujeppin's Book Shop.
 22279 | D:14     | Reached XP level 16. HP: 125/174 MP: 27/27
 22648 | D:14     | Reached skill level 10 in Throwing
 22663 | D:14     | Reached skill level 5 in Dodging
 22750 | D:14     | Found a gate to the Vaults.
 23282 | D:15     | Entered Level 15 of the Dungeon
 23346 | D:15     | Received a gift from Okawaru
 23421 | D:15     | Found a staircase to the Depths.
 23614 | D:15     | Found a runed translucent gate.
 23614 | D:15     | Found a runed translucent gate.
 23614 | D:15     | Found a runed translucent gate.
 23646 | D:15     | Identified the serpent talisman of Dogmatism {Fly rC+ rN+
                  | Dex-4}
 23832 | D:15     | Received a gift from Okawaru
 24292 | D:15     | Found a runed translucent gate.
 24292 | D:15     | Found a runed translucent gate.
 24293 | D:15     | Noticed Valrug's ghost (adept TrFi)
 24296 | D:15     | Found a runed translucent gate.
 24297 | D:15     | Noticed a tentacled monstrosity
 24366 | Depths:1 | Entered Level 1 of the Depths
 24369 | Depths:1 | Noticed a lich
 24472 | Depths:1 | Killed a lich
 24567 | Depths:1 | Found a one-way gate to the infinite horrors of the Abyss.
 24568 | Depths:1 | Noticed a tentacled monstrosity
 24576 | Depths:1 | Killed a tentacled monstrosity
 24699 | Depths:1 | Found a glowing golden altar of the Shining One.
 24833 | Depths:1 | Found a one-way gateway to a ziggurat.
 24870 | Depths:1 | Received a gift from Okawaru
 25055 | Depths:1 | Found a gateway to Hell.
 25172 | Depths:1 | Reached XP level 17. HP: 116/182 MP: 28/28
 25252 | Depths:1 | Found a one-way gate leading to the halls of Pandemonium.
 25312 | Depths:1 | Found an iron altar of Okawaru.
 25614 | Shoals:1 | Entered Level 1 of the Shoals
 25618 | Lair:2   | Acquired the amulet "Ipif" {Acrobat rC+ rN+}
 25740 | Elf:1    | Entered Level 1 of the Elven Halls
 25862 | Elf:1    | Reached skill level 5 in Armour
 26090 | Elf:1    | Received a gift from Okawaru
 26133 | Elf:1    | Found a portal to a secret trove of treasure.
 26473 | Elf:1    | You are sucked into a shaft and drop 1 floor!
 26686 | Elf:2    | Noticed Norris
 26697 | Elf:2    | You are sucked into a shaft and drop 1 floor!
 26697 | Elf:3    | Entered Level 3 of the Elven Halls
 26825 | Elf:3    | Received a gift from Okawaru
 27622 | Elf:3    | Reached XP level 18. HP: 124/191 MP: 29/29
 27723 | Elf:3    | Noticed a Tzitzimitl
 27749 | Elf:3    | Received a gift from Okawaru
 27752 | Elf:3    | Noticed a Tzitzimitl
 27755 | Elf:3    | Noticed an Ice Fiend
 27776 | Elf:3    | Reached skill level 1 in Translocations
 27893 | Elf:3    | Identified the +7 fire dragon scales "Poikuym" {rF++ rC-
                  | Int+10 Dex-3 Slay-3}
 27893 | Elf:3    | Noticed a deep elf master archer
 27976 | Elf:3    | Identified the ring of Due Proportion {^Drain MP+9 Str+5}
 27980 | Elf:3    | Noticed a Brimstone Fiend
 27988 | Elf:3    | Noticed a deep elf blademaster
 27991 | Elf:3    | Noticed a deep elf blademaster
 28005 | Elf:3    | Killed a deep elf blademaster
 28015 | Elf:3    | Killed a deep elf blademaster
 28020 | Elf:3    | HP: 1/286 [blizzard demon[a deep elf demonologist] (14)]
 28135 | Elf:3    | Noticed a Brimstone Fiend
 28153 | Elf:3    | Found the +3 pair of gauntlets of War {Slay+5}
 28159 | Elf:3    | Identified the staff of Ointment {*Slow Dex+3 Conj Hexes
                  | Summ}
 28192 | Elf:3    | Killed a deep elf master archer
 28202 | Elf:3    | Identified the +8 hand axe of Courage {spect, rPois SInv}
 28262 | Elf:3    | Identified the +0 leather armour of the Boiling Point
                  | {-Cast +Blink rC+++ Int-3}
 28262 | Elf:3    | Noticed a deep elf master archer
 28269 | Elf:3    | Killed a deep elf master archer
 28344 | Elf:3    | Identified the staff "Aplozuc" {^Contam rPois Str-4 Int+7
                  | Fire Alchemy}
 28350 | Elf:3    | Identified the staff "Faruiph" {rPois rF+ rN+ Str-2 Necro
                  | Earth}
 28388 | Elf:3    | Identified the +3 falchion of Ages {drain, *Slow rN+ Int+3}
 28587 | Elf:2    | Paralysed by an air elemental for 1 turns
 28613 | Elf:2    | Paralysed by an air elemental for 1 turns
 28616 | Elf:3    | Paralysed by an air elemental for 1 turns
 29000 | Elf:2    | Found a runed translucent gate.
 29000 | Elf:2    | Found a runed translucent gate.
 29000 | Elf:2    | Found a runed translucent gate.
 29120 | Elf:2    | Identified the maw talisman of Grace {rF- rCorr Int+6
                  | Dex+3}
 29439 | Elf:2    | Paralysed by an air elemental for 1 turns
 29932 | Shoals:1 | Reached skill level 15 in Throwing
 30003 | Shoals:1 | Reached skill level 5 in Translocations
 30116 | Shoals:1 | Received a gift from Okawaru
 31033 | Shoals:2 | Noticed Ilsuiw
 31050 | Shoals:2 | Killed Ilsuiw
 31064 | Shoals:2 | Reached XP level 19. HP: 45/198 MP: 30/30
 31819 | Shoals:3 | Found Solymp's One-of-a-Kind Rings.
 31968 | Shoals:3 | Identified the +5 flail "Udeaqoeto" {protect, +Blink rCorr
                  | Dex-3}
 32239 | Shoals:3 | Received a gift from Okawaru
 32587 | Snake:1  | Entered Level 1 of the Snake Pit
 33212 | Snake:1  | Found Xiryfo's Book Shoppe.
 33212 | Snake:1  | Found Obiocs's Jewellery Boutique.
 33214 | Snake:1  | Found Ubril's Book Shoppe.
 34551 | Snake:3  | Reached skill level 15 in Shields
 34838 | Snake:3  | Identified the +1 pair of boots "Pekijaef" {+Inv rCorr
                  | Str+2 Slay+5}
 34876 | Snake:3  | Received a gift from Okawaru
 34877 | Snake:3  | Reached skill level 15 in Fighting
 35146 | Snake:3  | Noticed Asterion
 35160 | Snake:3  | Asterion changed into Asterion the bunyip
 35160 | Snake:3  | Noticed Asterion
 35167 | Snake:3  | Killed Asterion the bunyip
 35527 | Snake:4  | Entered Level 4 of the Snake Pit
 35905 | Shoals:3 | Bought a +8 ring of slaying for 1857 gold pieces
 36287 | Snake:4  | Learned a level 2 spell: Lesser Beckoning
 36290 | Snake:4  | Learned a level 2 spell: Blink
 36308 | Snake:4  | Identified the serpent talisman "Lagh" {Will++ rCorr MP+9
                  | Int-4}
 36308 | Snake:4  | Noticed Aizul
 36323 | Snake:4  | Killed Aizul
 36433 | Snake:4  | Received a gift from Okawaru
 36522 | Snake:4  | Found a runed translucent door.
 36522 | Snake:4  | Noticed rbyellow5's ghost (adept OpFi)
 36534 | Snake:4  | Killed rbyellow5's ghost
 36545 | Snake:4  | Identified the +0 scale mail of the Clam {Str+5 Slay+2}
 36651 | Snake:4  | Noticed Mara
 36690 | Snake:4  | Noticed bananaken's illusion
 36852 | Snake:4  | Killed Mara
 36853 | Snake:4  | Reached XP level 20. HP: 179/215 MP: 1/31
 37420 | Snake:4  | HP: 5/218 [nagaraja/bolt of poison (6)]
 37420 | Snake:4  | Constricted to death by a nagaraja

Illustrated notes

Levels and vault maps discovered:
D:1:      giann_forest_graveyard, layout_basic, minmay_close_crescents
D:2:      minmay_inner_zag, layout_basic
D:3:      layout_basic, portal_sewer_entry_e, serial_glass, glass_columns_a,
          glass_columns_a, glass_columns_b, glass_columns_a, glass_columns_b,
          glass_columns_b, glass_columns_b, glass_columns_a
D:4:      layout_loops_ring, lemuel_tele_altar, mainiacjoe_overflow_alcove_1,
          nicolae_elevator_lobby_plus, uniq_eustachio
D:5:      gammafunk_steamed_eel, layout_basic, minmay_temple_entry_tees
D:6:      layout_loops_ring, nicolae_wu_jian_immortal_techniques,
          abandoned_shop, uniq_crazy_yiuf_cottage, uniq_menkaure
D:7:      layout_basic, lightli_church_of_beogh
D:8:      layout_gridville, minmay_statues_item, minivault_23,
          bh_circular_ruins, uniq_psyche
D:9:      layout_basic, david_lair_generic, uniq_maggie
D:10:     nicolae_hexawheel, layout_loops_corners, orc_0_dummy
D:11:     layout_cave_pools, serial_shops, shop, blue_anna_alchemist
D:12:     layout_stronghold
D:13:     layout_grid_maze, serial_shops, bzr_in_the_mist, shop_fountains,
          nicolae_diamond_shop, billiards_dpeg
D:14:     layout_stronghold, erik_vaults_2, minivault_14
D:15:     hangedman_depths_entry_civil_slaughter, layout_basic,
          nicolae_benzene_ring, ploomutoo_gammafunk_ghost_potion_laboratory
Temple:   nicolae_temple_bog_church
Lair:1:   layout_loops_ring, minmay_holes, serial_bayou_shore_a,
          infiniplex_staircase_pool, uniq_sonja
Lair:2:   layout_hall_layers, nicolae_shoals_entry_roost, lemuel_fruit_tree,
          grunt_megastairs_3
Lair:3:   layout_small_grid, dummy_snake_entry, basic_altar,
          serial_bayou_pond_a, serial_bayou_shore_b, grunt_megastairs_4,
          serial_bayou_shore_b, serial_bayou_shore_b
Lair:4:   layout_roguey, basic_altar
Lair:5:   due_jungle_book, layout_layer_cave, slime_entry_1,
          portal_ice_cave_entry_pillars_1, grunt_megastairs_2
Shoals:1: layout_shoals, argonaut_gorgonesque
Shoals:2: layout_shoals, uniq_ilsuiw
Shoals:3: layout_shoals, nicolae_shoals_lost_giant_hut,
          nicolae_shoals_cliffside_cave, nicolae_shop_unique_rings
Snake:1:  layout_gridlike, minmay_shop_grove, nicolae_integral_box
Snake:2:  layout_basic
Snake:3:  layout_gridlike, uniq_asterion
Snake:4:  grunt_snake_rune_pools, layout_cave_town, ebering_ghost_inner_flame,
          uniq_aizul, uniq_mara
Orc:1:    layout_caves, basic_altar, enter_volcano_3
Orc:2:    grunt_orc_gardens, layout_caves, grunt_orc_garden, grunt_orc_garden,
          grunt_orc_garden, grunt_orc_garden
Elf:1:    eino_elf_arrival_customs, layout_loops_ring,
          nicolae_trove_entry_crossroad, minmay_elf_demonology,
          nicolae_letterblocks [nicolae_letter_subblock,
          nicolae_letter_subblock, nicolae_letter_subblock,
          nicolae_letter_subblock, nicolae_letter_subblock,
          nicolae_letter_subblock, nicolae_letter_subblock,
          nicolae_letter_subblock, nicolae_letter_subblock,
          nicolae_letter_subblock, nicolae_letter_subblock,
          nicolae_letter_subblock, nicolae_letter_subblock,
          nicolae_letter_subblock, nicolae_letter_subblock,
          nicolae_letter_subblock, nicolae_letter_subblock,
          nicolae_letter_subblock, nicolae_letter_subblock,
          nicolae_letter_subblock, nicolae_letter_subblock,
          nicolae_letter_subblock, nicolae_letter_subblock,
          nicolae_letter_subblock, nicolae_letter_subblock]
Elf:2:    nicolae_elf_blades_splatter_lattice [grunt_blade_entry_basic],
          layout_loops_ring, drop_trap, uniq_norris
Elf:3:    elf_hall_gauntlet_narrow, layout_geoelf_grid
Depths:1: layout_long_grid, enter_ziggurat_b, okawaru_gym_becter,
          regret_index_abyss_entry_already_here, grunt_hell_entry_dis_mu,
          rand_demon_pan_entry_4, drop_trap, tso_metal_star

Skill      XL: |  1  2  3  4  5  6  7  8  9 10 11 12 13 14 15 16 17 18 19 20 |
---------------+-------------------------------------------------------------+-----
Fighting       | 3 4 5 6 8 9 11 12 13 14 16 17 | 17.3
Dodging        | 3 4 6 |  6.0
Maces & Flails | 4 5 6 7 8 10 12 13 14 16 | 16.0
Invocations    | 3 5 7 9 10 12 14 15 | 15.2
Shields        | 1 2 4 6 8 10 11 13 14 15 | 15.0
Throwing       | 4 5 7 9 12 13 15 17 | 17.5
Shapeshifting  | 1 |  1.1
Evocations     | 4 6 |  6.3
Armour         | 1 4 6 |  6.8
Translocations | 6 7 |  7.0

Action                     |  1- 3 |  4- 6 |  7- 9 | 10-12 | 13-15 | 16-18 | 19-21 || total
---------------------------+-------+-------+-------+-------+-------+-------+-------++-------
  Melee: Flail             |    98 |   143 |       |       |       |       |       ||   241
         Headbutt          |    11 |    14 |    22 |    84 |   204 |   205 |   223 ||   763
         Dire flail        |       |     3 |   173 |   294 |       |       |       ||   470
         Eveningstar       |       |       |       |   173 |   829 |   978 |   766 ||  2746
  Throw: Large rock        |       |     1 |       |     1 |    29 |    93 |    12 ||   136
         Dart              |       |       |       |     8 |       |     1 |       ||     9
         Javelin           |       |       |       |     3 |       |     2 |       ||     5
 Invoke: Heroism           |       |       |       |     1 |    21 |    24 |    10 ||    56
         Receive Weapon    |       |       |       |     1 |       |       |       ||     1
         Receive Armour    |       |       |       |     1 |       |       |       ||     1
         Finesse           |       |       |       |       |     2 |     4 |     2 ||     8
  Evoke: Wand              |       |       |     7 |    10 |     2 |     6 |    19 ||    44
         Phial of floods   |       |       |       |       |       |     1 |       ||     1
    Use: Scroll            |       |    12 |     5 |     7 |    13 |    27 |     7 ||    71
         Potion            |       |     2 |       |     1 |     8 |    27 |     7 ||    45
   Stab: Sleeping          |       |     1 |     6 |    12 |     6 |     4 |     5 ||    34
         Distracted        |       |       |     1 |     1 |    12 |    13 |       ||    27
         Invisible         |       |       |       |       |       |     2 |       ||     2
         Fleeing           |       |       |       |       |       |     1 |       ||     1
 Armour: Robe              |    66 |   105 |    92 |   336 |   525 |    20 |       ||  1144
         Troll leather arm |       |       |       |       |       |   617 |   532 ||  1149
         Skin              |       |       |       |       |       |     7 |       ||     7
  Dodge: Dodged            |    66 |    65 |    50 |   148 |   171 |   252 |   240 ||   992
  Block: Tower shield      |       |       |       |   141 |   588 |   757 |   704 ||  2190

Table legend: (Time is in decaauts)
 A = Elapsed time spent in this place.
 B = Non-inter-level travel time spent in this place.
 C = Inter-level travel time spent in this place.
 D = Time resting spent in this place.
 E = Time spent auto-exploring this place.
 F = Levels seen in this place.
 G = Mean time per level.
                   A        B        C        D        E       F      G
               +--------+--------+--------+--------+--------+-----+--------+
         Total |  37007 |  34704 |   2303 |   3576 |  22828 |  38 |  973.9 |
       Dungeon |  16582 |  15528 |   1054 |   1464 |  11473 |  15 | 1105.5 |
        Temple |     12 |      2 |     10 |      0 |      0 |   1 |   12.0 |
          Lair |   5645 |   5149 |    496 |    272 |   3558 |   5 | 1129.0 |
        Shoals |   2958 |   2697 |    261 |    226 |   1651 |   3 |  986.0 |
     Snake Pit |   4261 |   4062 |    199 |    272 |   2874 |   4 | 1065.2 |
  Orcish Mines |   1185 |   1081 |    104 |     53 |    710 |   2 |  592.5 |
   Elven Halls |   3937 |   3785 |    152 |    967 |   1486 |   3 | 1312.3 |
        Depths |    934 |    908 |     26 |     41 |    636 |   1 |  934.0 |
        Bazaar |    175 |    175 |      0 |      0 |     77 |   1 |  175.0 |
         Sewer |    577 |    577 |      0 |    170 |    246 |   1 |  577.0 |
      Ice Cave |    502 |    502 |      0 |     83 |     71 |   1 |  502.0 |
       Volcano |    232 |    232 |      0 |     25 |     46 |   1 |  232.0 |
               +--------+--------+--------+--------+--------+-----+--------+

Top non-repeatable levels by time:
   Elf:3: 2131 daAuts
    D:10: 1900 daAuts
  Lair:5: 1689 daAuts
     D:7: 1495 daAuts
     D:9: 1361 daAuts
     D:8: 1223 daAuts
 Snake:4: 1184 daAuts
  Lair:1: 1179 daAuts
 Snake:3: 1177 daAuts
    D:15: 1156 daAuts
    D:14: 1086 daAuts
     D:1: 1074 daAuts
     D:6: 1070 daAuts
     D:5: 1034 daAuts
Shoals:1: 1030 daAuts
